 Dungeon Crawl Stone Soup version 0.30-a0-359-gd0147acb1a (webtiles) character file.

Game seed: 5272957838036310371

143074 ytrimaz the Peltast (level 17, 0/135 HPs)
             Began as a Formicid Fighter on Nov 11, 2022.
             Was a High Priest of Okawaru.
             Drowned by a water nymph (12 damage)
             ... on level 1 of the Shoals.
             The game lasted 00:37:23 (28942 turns).

ytrimaz the Peltast (Formicid Fighter)             Turns: 28942, Time: 00:37:23

Health: 0/135      AC: 35    Str: 24    XL:     17   Next: 98%
Magic:  23/23      EV:  4    Int:  7    God:    Okawaru [*****.]
Gold:   323        SH: 24    Dex: 19    Spells: 16/16 levels left

rFire   + . .      SeeInvis +    K - +5 triple sword "Grom" {venom, SInv Stlth+}
rCold   + . .      Faith    .    R - +1 tower shield {rC+}
rNeg    . . .      Spirit   .    W - +3 crystal plate armour of the Lair of Beasts {Str+2}
rPois   .          Reflect  .    (helmet unavailable)
rElec   .          Harm     .    h - +2 cloak {rCorr}
rCorr   +          Rampage  .    Q - +2 pair of gloves
Will    +....                    o - +2 pair of boots
Stlth   ..........               P - amulet of regeneration
HPRegen 1.22/turn                T - ring of flight
MPRegen 0.18/turn                S - ring of protection from fire

@: flying, studying Dodging, invisible
A: permanent stasis, dig shafts and tunnels, antennae 3, four strong arms, dopey
1
a: Dig, Shaft Self, Renounce Religion, Heroism, Finesse, Duel


You were on level 1 of the Shoals.
You worshipped Okawaru.
Okawaru was extremely pleased with you.
You visited 6 branches of the dungeon, and saw 25 of its levels.
You also visited: Sewer and Ice Cave.

You collected 3067 gold pieces.
You spent 2744 gold pieces at shops.


Innate Abilities, Weirdness & Mutations

You cannot be hasted, slowed, berserked, paralysed or teleported.
You can dig through walls and to a lower floor.
You have a pair of large antennae on your head. (SInv)
Your four strong arms can wield two-handed weapons with a shield.
You are dopey. (Int -2)


   Skills:
 + Level 12.5 Fighting
 - Level 20.0 Long Blades
 + Level 12.5 Armour
 - Level 20.1 Shields
 - Level 8.0 Invocations


You had 16 spell levels left.
You didn't know any spells.
Your spell library contained the following spells:

 Spells                   Type           Power      Damage    Failure   Level
 Apportation              Tloc           0%         N/A       100%        1
 Kiss of Death            Conj/Necr      0%         2d5       100%        1
 Necrotise                Necr           0%         1d4       100%        1
 Slow                     Hex            0%         N/A       100%        1
 Momentum Strike          Conj/Tloc      0%         3d8       100%        2
 Confusing Touch          Hex            0%         N/A       100%        3
 Hailstorm                Conj/Ice       0%         3d3       100%        3
 Kindle Blastsparks       Fire/Tloc/Air  0%         2d10      100%        3
 Lesser Beckoning         Tloc           0%         N/A       100%        3
 Ozocubu's Armour         Ice            0%         N/A       100%        3
 Stone Arrow              Conj/Erth      0%         3d7       100%        3
 Vampiric Draining        Necr           0%         2d6       100%        3
 Dispel Undead            Necr           0%         3d6       100%        4
 Fulminant Prism          Conj/Hex       0%         3d5       100%        4
 Ice Form                 Ice/Tmut       0%         N/A       100%        4
 Iskenderun's Mystic Bla  Conj/Tloc      0%         2d3       100%        4
 Agony                    Necr           0%         N/A       100%        5
 Lee's Rapid Deconstruct  Erth           0%         3d4*      100%        5
 Ozocubu's Refrigeration  Ice            0%         4d7       100%        7
 Lehudib's Crystal Spear  Conj/Erth      0%         10d2      100%        8
 Summon Small Mammal      Summ           Unusable   N/A       N/A         1
 Blink                    Tloc           Unusable   N/A       N/A         2
 Animate Armour           Summ/Erth      Unusable   N/A       N/A         4
 Simulacrum               Ice/Necr       Unusable   N/A       N/A         6

Inventory:

Hand Weapons
 e - the +8 great sword of Sisayw {speed, Str+6 Int+3 Stlth-}
   (You acquired it on level 1 of the Dungeon)

   Attacks with this weapon are significantly faster.
   Str:       It affects your strength (+6).
   Int:       It affects your intelligence (+3).
   Stlth:     It makes you less stealthy.
 K - the +5 triple sword "Grom" (weapon) {venom, SInv Stlth+}
   (Okawaru gifted it to you on level 11 of the Dungeon)

   It poisons the flesh of those it strikes.
   SInv:      It lets you see invisible.
   Stlth:     It makes you more stealthy.
 X - a +3 scimitar of flaming
   (You took it off an efreet on level 14 of the Dungeon)
Missiles
 c - a datura-tipped dart
 u - 6 silver boomerangs
 x - 14 boomerangs
 L - 2 silver javelins
Armour
 h - a +2 cloak of preservation (worn)
   (You bought it in a shop on level 2 of the Orcish Mines)
 o - a +2 pair of boots (worn)
   (You found it on level 7 of the Dungeon)
 y - the +3 Mad Mage's Maulers {Infuse+∞ RegenMP Int-3}
   (You acquired it on level 7 of the Dungeon)

   It empowers its wearer's blows with all of their magic.
   It causes its wearer's magical reserves to regenerate more quickly.
   Int:       It affects your intelligence (-3).
 Q - a +2 pair of gloves (worn)
   (You bought it in a shop on level 2 of the Orcish Mines)
 R - a +1 tower shield of cold resistance (worn)
   (You found it in an ice cave)
 U - the +5 plate armour "Plog" {Dex+6}
   (You found it on level 5 of the Lair of Beasts)

   Dex:       It affects your dexterity (+6).
 W - the +3 crystal plate armour of the Lair of Beasts (worn) {Str+2}
   (Okawaru gifted it to you on level 14 of the Dungeon)

   Str:       It affects your strength (+2).
Jewellery
 p - a ring of magical power
   (You found it on level 4 of the Dungeon)
 r - the ring of the Rose {Fire Str+6}
   (You found it on level 13 of the Dungeon)

   [ring of fire]

   It enhances your fire magic.
   Str:       It affects your strength (+6).
   rF:        It protects you from fire.
   rC:        It makes you vulnerable to cold.
 t - an amulet of magic regeneration
   (You found it on level 6 of the Dungeon)
 C - a +6 ring of intelligence
   (You found it on level 8 of the Dungeon)
 E - a ring of ice
   (You took it off a reaper in an ice cave)
 H - an amulet of guardian spirit
   (You found it on level 12 of the Dungeon)
 P - an amulet of regeneration (around neck)
   (You found it on level 5 of the Lair of Beasts)
 S - a ring of protection from fire (right hand)
   (You found it on level 5 of the Lair of Beasts)
 T - a ring of flight (left hand)
   (You found it on level 5 of the Lair of Beasts)
 Y - a ring of resist corrosion
   (You found it on level 14 of the Dungeon)
Wands
 a - a wand of mindburst (20)
   (You took it off a human on level 13 of the Dungeon)
 k - a wand of light (13) (quivered)
   (You found it on level 3 of the Dungeon)
 s - a wand of roots (8)
   (You found it on level 12 of the Dungeon)
 v - a wand of polymorph (17)
   (You found it on level 6 of the Dungeon)
 D - a wand of flame (9)
   (You found it on level 13 of the Dungeon)
 F - a wand of digging (3)
   (You found it on level 14 of the Dungeon)
Scrolls
 g - 4 scrolls of enchant armour
 j - 3 scrolls of noise
 n - 3 scrolls of enchant weapon
 I - 3 scrolls of brand weapon
 O - a scroll of silence
 V - 2 scrolls of amnesia
Potions
 b - 7 potions of brilliance
 d - 5 potions of might
 f - 7 potions of mutation
 i - 2 potions of magic
 m - 10 potions of curing
 q - 3 potions of flight
 w - a potion of invisibility
 z - 4 potions of lignification
 A - 5 potions of attraction
 B - 3 potions of cancellation
 J - 3 potions of resistance
 N - a potion of ambrosia
Miscellaneous
 G - a condenser vane
   (You found it in an ice cave)

Dungeon Overview and Level Annotations

Branches:
Dungeon (15/15) Zot: 25134  Temple (1/1) D:6 Zot: 5867    Lair (5/5) D:10 Zot: 23192
 Shoals (1/4) Lair:3 Zot: 5763   Snake (0/4) Lair:2        Slime (0/5) Lair:5
    Orc (2/2) D:12 Zot: 10238     Elf (1/3) Orc:2 Zot: 5965  Vaults (0/5) D:13
 Depths (0/4) D:15          Sewer (visited)           IceCv (visited)

Altars:
Ashenzari
Cheibriados
Dithmenos
Elyvilon
Fedhas
Gozag
Hepliaklqana
Kikubaaqudgha
Makhleb
Nemelex Xobeh
Okawaru
Qazlal
Ru
Sif Muna
Trog
Uskayaw
Vehumet
Wu Jian
Xom
Yredelemnul
Zin
The Shining One
Jiyva

Shops:
D:3 !   D:7 [   D:8 (   D:10 (   Orc:2 [![:[

~~~~~~)≈≈≈≈≈≈≈≈≈≈~~~
~~~~~~≈≈≈≈≈≈≈≈≈≈≈≈~
~~~~~≈≈~~m~~~~~≈≈≈~
.~~~~~~~~~~.~~~≈≈≈≈
..~~~~~~.##.~~~≈≈≈≈
#.~~~~~H## #~~~≈≈≈≈
#..~~~~~.###.~~~≈≈≈
#.~~~~~~~##.H~~~≈≈≈
#.?..~~..m@.~~~~≈≈≈
#....~~~.HH~~~~~~≈≈
..~~~~~~~~~~~~~~≈≈≈
..^~~~~~~~~~~≈≈≈≈≈≈
...~~~~~~~~~≈≈≈≈≈≈≈
~~~~~≈≈≈≈≈≈≈≈≈≈≈≈≈
~~~~≈≈≈≈≈≈≈≈≈≈≈≈≈≈
~~~≈≈≈≈≈≈≈≈≈≈≈≈≈≈


You could see a water nymph (unable to see you) and 3 harpies.


Message History

The harpy claws you but does no damage.
You block the harpy's attack. 😨 HP[+1] 😨 HP[+1] 😨 HP[+2]
You regained 2 hp, and now have 37/135 hp.
Found a stone staircase leading down.
You block the harpy's attack. The harpy barely misses you.
You block the harpy's attack.
The harpy claws you but does no damage. 😨 HP[+1] 😨 HP[+1]
You are too injured to fight recklessly!
You are too injured to fight recklessly!
You block the harpy's attack. x2 😨 HP[+1]
You block the harpy's attack. x2 😨 HP[+1] 😨 HP[+2]
You regained 2 hp, and now have 43/135 hp. 😨 HP[+1]
You block the harpy's attack. x2; The harpy barely misses you.
The harpy claws you but does no damage. 😨 HP[+1]
You strike the helpless harpy from behind!
You hit the harpy. You block the harpy's attack. x3
The harpy claws you but does no damage. The harpy barely misses you.
You block the harpy's attack. 😨 HP[+1]
You catch the helpless harpy completely off-guard!
You slice the harpy!!
The harpy claws you but does no damage. x2
The harpy claws you!
* * * LOW HITPOINT WARNING * * *
You block the harpy's attack. x2; The harpy claws you but does no damage. 😨 HP[-8]
You take 8 damage, and now have 38/135 hp.
You slash the harpy!
You block the harpy's attack. x2; The harpy claws you.
* * * LOW HITPOINT WARNING * * *
The harpy claws you but does no damage. x2; You block the harpy's attack. 😨 HP[-2]
You take 2 damage, and now have 36/135 hp.
You strike the helpless snapping turtle from behind!
You slash the snapping turtle!
The snapping turtle looks as sick as possible!
You block the harpy's attack. x2
The snapping turtle bites you but does no damage. 😨 HP[+1]
You slash the snapping turtle!
The manticore flicks its tail.
The volley of spikes hits the water nymph!
The water nymph's watery aura covers the stone staircase leading down.
The water nymph shouts! 😨 HP[+1]
You block the harpy's attack. x2; The harpy claws you but does no damage.
The harpy completely misses you.
The harpy claws you but does no damage. x2
You block the snapping turtle's attack. 😨 HP[+2]
You regained 2 hp, and now have 40/135 hp.
You catch the helpless manticore completely off-guard!
You slash the manticore!
The manticore is poisoned.
You block the harpy's attack. x2; The harpy barely misses you. x2
You block the manticore's attack. The manticore claws you.
* * * LOW HITPOINT WARNING * * *
You block the manticore's attack.
The snapping turtle bites you but does no damage.
The harpy claws you but does no damage. The harpy barely misses you. 😨 HP[-3]
You take 3 damage, and now have 37/135 hp.
Unknown command.
You slash the manticore!
The manticore looks as sick as possible!
You block the harpy's attack. The harpy claws you but does no damage.
The snapping turtle bites you!
* * * LOW HITPOINT WARNING * * *
😱 HP[-13]
You take 13 damage, and now have 24/135 hp.
You strike the helpless manticore from behind!
You slice the manticore!!
You kill the manticore!
Okawaru accepts your kill. The harpy claws you but does no damage.
You block the harpy's attack. The snapping turtle bites you.
* * * LOW HITPOINT WARNING * * *
Unknown command. 😱 HP[-4]
You take 4 damage, and now have 20/135 hp.
You slice the snapping turtle!!
You kill the snapping turtle!
Okawaru accepts your kill.
The harpy screeches!
The harpy claws you but does no damage. You block the harpy's attack.
The water nymph touches you. The water nymph drowns you!
* * * LOW HITPOINT WARNING * * *
😱 HP[-9]
You take 9 damage, and now have 11/135 hp.
Unknown command.
You miss the water nymph.
The harpy screeches!
You block the harpy's attack. x2; The harpy claws you but does no damage.
You block the harpy's attack. The water nymph touches you.
The water nymph drowns you!
You die...

Skill      XL: |  1  2  3  4  5  6  7  8  9 10 11 12 13 14 15 16 17 |
---------------+----------------------------------------------------+-----
Long Blades    | 3 4 6 7 8 10 13 15 17 20 | 20.0
Fighting       | 8 9 12 | 12.5
Armour         | 8 9 12 | 12.5
Invocations    | 8 |  8.0
Shields        | 6 15 20 | 20.1

Action                   |  1- 3 |  4- 6 |  7- 9 | 10-12 | 13-15 | 16-18 || total
-------------------------+-------+-------+-------+-------+-------+-------++-------
Melee: Long sword        |    34 |       |       |       |       |       ||    34
       Great sword       |     6 |   110 |   258 |   349 |   433 |   898 ||  2054
       Triple sword      |       |       |       |       |    35 |    46 ||    81
Invok: Heroism           |       |       |       |       |     5 |     3 ||     8
       Finesse           |       |       |       |       |     1 |     5 ||     6
 Abil: Dig               |       |       |       |     4 |       |     3 ||     7
Evoke: Wand              |       |       |       |       |     5 |       ||     5
  Use: Scroll            |     7 |     5 |     5 |     8 |     6 |     5 ||    36
       Potion            |     1 |       |     2 |     4 |     8 |     5 ||    20
 Stab: Invisible         |       |       |       |     3 |     1 |     5 ||     9
Armor: Scale mail        |    19 |       |       |       |       |       ||    19
       Plate armour      |       |    56 |   117 |   192 |   207 |   373 ||   945
       Crystal plate arm |       |       |       |       |       |   148 ||   148
Dodge: Dodged            |    11 |    28 |    56 |   100 |   117 |   193 ||   505
Block: Buckler           |    10 |    30 |    61 |   119 |   119 |    73 ||   412
       Kite shield       |       |       |       |       |       |   343 ||   343
       Tower shield      |       |       |       |       |       |   239 ||   239

Levels and vault maps discovered:
D:1:      kennysheep_arrival_seaside, layout_loops_ring
D:2:      layout_loops_corners, minmay_nonomino_d4, uniq_terence
D:3:      layout_basic, serial_shops, shop, hangedman_feature_mirror,
          kennysheep_potato, uniq_natasha
D:4:      gammafunk_wand_slinger, layout_basic, cheibrodos_sewer_entry_bend,
          uniq_grinder
D:5:      layout_loops_ring, uniq_menkaure
D:6:      layout_loops_ring, minitemple, minmay_temple_entry_nine_rooms
D:7:      layout_loops_cross, serial_shops, shop
D:8:      layout_gridville, nicolae_overflows_in_rows, serial_shops,
          nicolae_diamond_shop, amcnicky_mini_pool_small,
          minmay_misc_feat_encased, uniq_grum
D:9:      layout_roguey, kennysheep_nub, amcnicky_mini_rare_corridor_liquid,
          uniq_amaemon
D:10:     layout_roguey, hellmonk_lair_entry_icy, serial_shops, shop_fountains,
          serial_bayou_pond_a
D:11:     layout_basic, nicolae_vehumet_altar_sigil, uniq_nergalle, uniq_snorg,
          uniq_erolcha
D:12:     layout_irregular_city, minmay_orc_entry_temple_small,
          lemuel_flamethrower_2, uniq_maurice
D:13:     layout_loops_cross, david_vaults_4, gammafunk_ghost_icy,
          nzn_random_ring, uniq_kirke
D:14:     kennysheep_six_static_rooms, layout_basic, moated_statue,
          gammafunk_ghost_grave, nemelex_spade_bored_becter
D:15:     grunt_enter_depths_magical_seal, layout_loops_ring, ashenzari_altar_1,
          dreamdust_looks_like_rain
Temple:   compressed_dpeg_circular_temple
Lair:1:   layout_regular_city, roderic_batcave, chequers_serial_rivers_micro_e,
          dpeg_stationary_puzzle, serial_bayou_shore_b
Lair:2:   layout_regular_city, guppyfry_snake_entry_garden
Lair:3:   layout_roguey, elwin_shoals_entry_stream, serial_forest,
          infiniplex_forest_lined_room_2, infiniplex_forest_end_1,
          infiniplex_forest_lined_3_way, infiniplex_forest_clump_double,
          infiniplex_forest_lined_corner, infiniplex_forest_clump_cross,
          infiniplex_forest_corner_1, serial_bayou_pond_b
Lair:4:   layout_misc_corridors, infiniplex_staircase_pool, grunt_megastairs_5,
          uniq_rupert
Lair:5:   minmay_lair_end_frog_pond, layout_cellular_growth, slime_entry_1,
          portal_ice_cave_entry_animals_and_master,
          chequers_serial_rivers_micro_b
Shoals:1: nicolae_shoals_island_circles, layout_shoals, lightli_airlock
Orc:1:    layout_caves, uniq_gastronok
Orc:2:    st_orc_mages, layout_caves, basic_altar, serial_shops,
          nicolae_shop_statue_plus, led_sif_book
Elf:1:    nicolae_elf_arrival_aired_out, layout_rooms, minmay_elf_necromancy

Notes
Turn   | Place    | Note
-------+----------+-------------------------------------------
     0 | D:1      | ytrimaz the Formicid Fighter began the quest for the Orb.
     0 | D:1      | Reached XP level 1. HP: 18/18 MP: 1/1
     0 | D:1      | magus.rc [v1.9.6]
   226 | D:1      | Reached XP level 2. HP: 24/24 MP: 2/2
   360 | D:1      | Reached skill level 3 in Long Blades
   703 | D:1      | Identified a scroll of acquirement
   703 | D:1      | Acquired the +8 great sword of Sisayw {speed, Str+6 Int+3
                  | Stlth-}
   749 | D:2      | Gained mutation: You are dopey. (Int -2) [potion of
                  | mutation]
   775 | D:2      | Reached XP level 3. HP: 29/29 MP: 3/3
   894 | D:2      | Noticed Terence
   901 | D:2      | Killed Terence
   902 | D:2      | Reached skill level 4 in Long Blades
   902 | D:2      | Reached XP level 4. HP: 22/35 MP: 4/4
  1304 | D:2      | You pick up a book of Blasting and begin reading...
  1304 | D:2      | You add the spells Kindle Blastsparks, Fulminant Prism,
                  | Iskenderun's Mystic Blast and Lee's Rapid Deconstruction to
                  | your library.
  1464 | D:2      | Reached XP level 5. HP: 41/41 MP: 5/5
  1468 | D:2      | You pick up a book of Armaments and begin reading...
  1468 | D:2      | You add the spells Stone Arrow, Animate Armour and
                  | Lehudib's Crystal Spear to your library.
  1730 | D:3      | Noticed a water moccasin
  1734 | D:3      | Reached skill level 5 in Long Blades
  1743 | D:3      | Killed a water moccasin
  1744 | D:3      | Reached skill level 6 in Long Blades
  1744 | D:3      | Reached XP level 6. HP: 24/47 MP: 6/6
  1939 | D:3      | Found Foghoc's Distillery.
  1947 | D:3      | Bought 2 potions of curing for 66 gold pieces
  2112 | D:3      | Noticed Natasha
  2117 | D:3      | Killed Natasha
  2274 | D:3      | Noticed Natasha
  2288 | D:3      | Killed Natasha
  2491 | D:4      | Noticed Grinder
  2506 | D:4      | Killed Grinder
  2507 | D:4      | Reached skill level 7 in Long Blades
  2507 | D:4      | Reached XP level 7. HP: 23/52 MP: 7/7
  2809 | D:4      | Found a glowing drain.
  2825 | Sewer    | Entered a sewer
  3160 | Sewer    | Reached skill level 8 in Long Blades
  3342 | Sewer    | Reached XP level 8. HP: 43/58 MP: 8/8
  3706 | D:4      | Found a transporter.
  3740 | D:4      | Found a transporter.
  3950 | D:5      | Entered Level 5 of the Dungeon
  4141 | D:5      | Reached skill level 9 in Long Blades
  4319 | D:5      | Noticed Menkaure
  4328 | D:5      | Killed Menkaure
  4575 | D:5      | Reached skill level 10 in Long Blades
  4715 | D:5      | You add the spells Ozocubu's Armour and Ozocubu's
                  | Refrigeration to your library.
  4924 | D:6      | Reached XP level 9. HP: 64/64 MP: 9/9
  5002 | D:6      | Reached skill level 11 in Long Blades
  5133 | D:6      | Found a shadowy altar of Dithmenos.
  5135 | D:6      | Found a radiant altar of Vehumet.
  5383 | D:6      | Found a staircase to the Ecumenical Temple.
  5395 | Temple   | Entered the Ecumenical Temple
  5510 | Temple   | Became a worshipper of Warmaster Okawaru
  5765 | D:7      | You pick up a book of Cantrips and begin reading...
  5765 | D:7      | You add the spells Necrotise and Apportation to your
                  | library.
  5825 | D:7      | Noticed a two-headed ogre
  5829 | D:7      | HP: 15/64 [two-headed ogre/+0 giant spiked club (17)]
  5833 | D:7      | Killed a two-headed ogre
  5833 | D:7      | Reached * piety under Okawaru
  5834 | D:7      | Reached skill level 12 in Long Blades
  6016 | D:7      | Reached skill level 13 in Long Blades
  6016 | D:7      | Reached XP level 10. HP: 70/70 MP: 10/10
  6118 | D:7      | Acquired the +3 Mad Mage's Maulers {Infuse+∞ RegenMP Int-3}
  6118 | D:7      | Found the +3 Mad Mage's Maulers {Infuse+∞ RegenMP Int-3}
  6391 | D:7      | Found Alamum's Antique Armour Boutique.
  6433 | D:7      | Bought a steaming kite shield for 285 gold pieces
  6433 | D:7      | Identified the +2 kite shield "Hesukh" {+Inv rF- Str+3
                  | Int+2} (You bought it in a shop on level 7 of the Dungeon)
  6961 | D:7      | Reached ** piety under Okawaru
  6962 | D:7      | Reached skill level 14 in Long Blades
  7251 | D:8      | Noticed Grum
  7357 | D:8      | Killed Grum
  7604 | D:8      | Reached *** piety under Okawaru
  7687 | D:8      | Found a hazy altar of Hepliaklqana.
  7687 | D:8      | Found an opulent altar of Gozag.
  7687 | D:8      | Found a glowing golden altar of the Shining One.
  7687 | D:8      | Found a shimmering blue altar of Sif Muna.
  7688 | D:8      | Found a shimmering altar of Xom.
  7688 | D:8      | Found a bloodstained altar of Trog.
  7689 | D:8      | Found a broken altar of Ashenzari.
  7690 | D:8      | Found a snail-covered altar of Cheibriados.
  7690 | D:8      | Found a glowing silver altar of Zin.
  7691 | D:8      | Found a sparkling altar of Nemelex Xobeh.
  7738 | D:8      | Found Goptarod's Antique Weapon Emporium.
  7873 | D:9      | Reached skill level 15 in Long Blades
  8281 | D:9      | You pick up a book of Touch and begin reading...
  8281 | D:9      | You add the spells Kiss of Death, Confusing Touch and
                  | Dispel Undead to your library.
  8422 | D:9      | Noticed an orange demon
  8422 | D:9      | Noticed Amaemon
  8432 | D:9      | Killed an orange demon
  8433 | D:9      | Reached XP level 11. HP: 75/75 MP: 1/11
  8441 | D:9      | Killed Amaemon
  8720 | D:10     | Entered Level 10 of the Dungeon
  8755 | D:10     | Reached skill level 16 in Long Blades
  8760 | D:10     | Reached **** piety under Okawaru
  8890 | D:10     | Noticed a two-headed ogre
  8893 | D:10     | Killed a two-headed ogre
  9122 | D:10     | Noticed a two-headed ogre
  9161 | D:10     | Killed a two-headed ogre
  9161 | D:10     | Reached ***** piety under Okawaru
  9162 | D:10     | Reached skill level 17 in Long Blades
  9286 | D:10     | Found a staircase to the Lair.
  9395 | D:10     | Found Wetyagoc's Antique Weapon Shoppe.
  9556 | D:10     | Noticed a two-headed ogre
  9561 | D:10     | Killed a two-headed ogre
  9561 | D:10     | Received a gift from Okawaru
  9734 | D:11     | Noticed a two-headed ogre
  9739 | D:11     | Killed a two-headed ogre
  9777 | D:11     | Found a radiant altar of Vehumet.
  9779 | D:11     | You fall into a shaft and drop 2 floors!
  9804 | D:13     | Reached XP level 12. HP: 36/81 MP: 0/12
 10036 | D:13     | Noticed a two-headed ogre
 10037 | D:13     | Noticed Kirke
 10079 | D:13     | Killed a two-headed ogre
 10080 | D:13     | Reached skill level 18 in Long Blades
 10087 | D:13     | Killed Kirke
 10389 | D:13     | Found a gate to the Vaults.
 10394 | D:13     | Identified the +1 ring mail "Kutor" {Int+3}
 10751 | D:12     | Reached skill level 19 in Long Blades
 10754 | D:12     | Noticed a two-headed ogre
 10772 | D:12     | Killed a two-headed ogre
 10775 | D:12     | Noticed Maurice
 10782 | D:12     | Killed Maurice
 11122 | D:12     | Found a staircase to the Orcish Mines.
 11348 | D:12     | Noticed a two-headed ogre
 11367 | D:12     | Killed a two-headed ogre
 11706 | D:11     | Noticed Nergalle
 11722 | D:11     | Killed Nergalle
 11722 | D:11     | Received a gift from Okawaru
 11722 | D:11     | Reached ****** piety under Okawaru
 11831 | D:11     | Noticed a skeletal warrior
 11831 | D:11     | Noticed a skeletal warrior
 11832 | D:11     | Noticed a skeletal warrior
 11860 | D:11     | Killed a skeletal warrior
 11867 | D:11     | Killed a skeletal warrior
 11876 | D:11     | HP: 18/81 [skeletal warrior/+0 scimitar (10)]
 11878 | D:11     | Killed a skeletal warrior
 11879 | D:11     | Reached skill level 20 in Long Blades
 11879 | D:11     | Reached XP level 13. HP: 20/86 MP: 0/13
 12123 | D:11     | Reached skill level 4 in Fighting
 12123 | D:11     | Reached skill level 4 in Armour
 12186 | D:11     | Noticed Snorg
 12192 | D:11     | Killed Snorg
 12231 | D:11     | Noticed Erolcha
 12233 | D:11     | Killed Erolcha
 12234 | D:11     | Reached skill level 5 in Fighting
 12234 | D:11     | Reached skill level 5 in Armour
 12813 | D:11     | Reached skill level 6 in Fighting
 12813 | D:11     | Reached skill level 6 in Armour
 12982 | D:11     | Identified the +5 triple sword "Grom" {venom, SInv Stlth+}
                  | (Okawaru gifted it to you on level 11 of the Dungeon)
 12982 | D:11     | Received a gift from Okawaru
 13229 | Lair:1   | Entered Level 1 of the Lair of Beasts
 13245 | Lair:1   | HP: 13/95 [cane toad (15)]
 13499 | Lair:1   | Reached skill level 7 in Fighting
 13499 | Lair:1   | Reached skill level 7 in Armour
 13654 | Lair:1   | You pick up a book of the Tundra and begin reading...
 13654 | Lair:1   | You add the spells Hailstorm and Ice Form to your library.
 13790 | Lair:1   | Noticed a four-headed hydra
 13798 | Lair:1   | Killed a five-headed hydra
 13798 | Lair:1   | Received a gift from Okawaru
 13918 | Lair:1   | Reached skill level 8 in Fighting
 13972 | Lair:1   | Reached skill level 8 in Armour
 14922 | Lair:2   | Identified the +0 kite shield "Sirangi" {Fly Int+4 Slay+2}
                  | (Okawaru gifted it to you on level 2 of the Lair of Beasts)
 14922 | Lair:2   | Received a gift from Okawaru
 14941 | Lair:2   | Reached XP level 14. HP: 98/106 MP: 0/14
 14948 | Lair:2   | Reached skill level 9 in Fighting
 14948 | Lair:2   | Reached skill level 9 in Armour
 15058 | Lair:2   | You fall into a shaft and drop 1 floor!
 15212 | Lair:3   | Found a staircase to the Shoals.
 15527 | Lair:3   | You pick up a book of Spatial Translocations and begin
                  | reading...
 15527 | Lair:3   | You add the spells Momentum Strike and Lesser Beckoning to
                  | your library.
 15663 | Lair:2   | Found a staircase to the Snake Pit.
 16535 | Lair:3   | Identified the +5 glaive "Grum" {antimagic, Str+3 Int+4
                  | Dex-5}
 16849 | Lair:3   | Identified a potion of experience
 16946 | Lair:3   | Reached skill level 8 in Invocations
 16946 | Lair:3   | Reached XP level 15. HP: 115/115 MP: 21/21
 16966 | Lair:4   | Reached skill level 10 in Fighting
 16966 | Lair:4   | Reached skill level 10 in Armour
 17596 | Lair:4   | Noticed Rupert
 17603 | Lair:4   | Killed Rupert
 17938 | Lair:5   | Entered Level 5 of the Lair of Beasts
 18066 | Lair:5   | Reached skill level 11 in Fighting
 18066 | Lair:5   | Reached skill level 11 in Armour
 18313 | Lair:5   | Identified the +4 chain mail "For Ryj" {rN+++ rCorr Int-3}
                  | (Okawaru gifted it to you on level 5 of the Lair of Beasts)
 18313 | Lair:5   | Received a gift from Okawaru
 18424 | Lair:5   | Found a viscous altar of Jiyva.
 18424 | Lair:5   | Found a staircase to the Slime Pits.
 18428 | Lair:5   | HP: 26/120 [cane toad (11)]
 18431 | Lair:5   | Reached skill level 12 in Fighting
 18431 | Lair:5   | Reached skill level 12 in Armour
 18433 | Lair:5   | HP: 19/120 [poisoned by a cane toad]
 18446 | Lair:5   | Reached skill level 5 in Shields
 18461 | Lair:5   | HP: 29/120 [poisoned by a cane toad]
 18467 | Lair:5   | HP: 22/120 [cane toad (5)]
 18616 | Lair:5   | Found a frozen archway.
 18635 | Lair:5   | Reached skill level 6 in Shields
 18654 | Lair:5   | Reached XP level 16. HP: 58/127 MP: 1/22
 18681 | IceCv    | Entered an ice cave
 18851 | IceCv    | Reached skill level 7 in Shields
 19246 | IceCv    | Reached skill level 8 in Shields
 19742 | IceCv    | Reached skill level 9 in Shields
 20337 | Lair:5   | Reached skill level 10 in Shields
 20461 | Lair:5   | Identified the +5 plate armour "Plog" {Dex+6}
 20603 | Lair:5   | Reached skill level 11 in Shields
 21094 | Lair:5   | Received a gift from Okawaru
 21575 | Orc:1    | Entered Level 1 of the Orcish Mines
 21671 | Orc:1    | Noticed Gastronok
 21681 | Orc:1    | Killed Gastronok
 21682 | Orc:1    | Reached skill level 12 in Shields
 22134 | Orc:2    | Entered Level 2 of the Orcish Mines
 22135 | Orc:2    | Found a staircase to the Elven Halls.
 22224 | Orc:2    | Found a shimmering blue altar of Sif Muna.
 22335 | Orc:2    | Found Ahoekh's Antique Armour Shoppe.
 22395 | Orc:2    | Reached skill level 13 in Shields
 22613 | Orc:2    | Found Reaf's Distillery.
 22613 | Orc:2    | Found Musur's Armour Boutique.
 22613 | Orc:2    | Found Afemuh Faa's Antique Armour Shop.
 22619 | Orc:2    | Found Orasac's Book Boutique.
 22627 | Orc:2    | Bought a +0 cloak of preservation for 172 gold pieces
 22629 | Orc:2    | Bought a +2 pair of gloves for 247 gold pieces
 22632 | Orc:2    | Bought a potion of heal wounds for 60 gold pieces
 22632 | Orc:2    | Bought a potion of invisibility for 96 gold pieces
 22632 | Orc:2    | Bought 2 potions of resistance for 240 gold pieces
 23237 | Orc:2    | Got Sif Muna's Codex of Imprecation
 23254 | Elf:1    | Entered Level 1 of the Elven Halls
 23266 | Elf:1    | Reached skill level 14 in Shields
 23298 | Elf:1    | HP: 22/124 [+2 scimitar of draining (13)]
 23493 | D:13     | Found a runed translucent gate.
 23493 | D:13     | Found a runed translucent gate.
 23493 | D:13     | Found a runed translucent gate.
 23584 | D:13     | You pick up a book of Necromancy and begin reading...
 23584 | D:13     | You add the spells Vampiric Draining and Agony to your
                  | library.
 23610 | D:13     | Received a gift from Okawaru
 23695 | D:13     | Reached skill level 15 in Shields
 23975 | D:13     | Received a gift from Okawaru
 24119 | D:13     | Noticed sirJeffrey23's ghost (journeyman FoFi)
 24499 | D:13     | Killed sirJeffrey23's ghost
 24531 | D:13     | Got the ring of the Rose {Fire Str+6}
 24551 | D:13     | Identified the +11 short sword "Pudwoc" {elec, +Blink rPois
                  | rC- Str+4}
 24684 | D:13     | Reached XP level 17. HP: 119/120 MP: 0/23
 24761 | D:14     | Reached skill level 16 in Shields
 25044 | D:14     | Reached skill level 17 in Shields
 25307 | D:14     | Identified the +3 crystal plate armour of the Lair of
                  | Beasts {Str+2} (Okawaru gifted it to you on level 14 of the
                  | Dungeon)
 25307 | D:14     | Received a gift from Okawaru
 25685 | D:14     | Reached skill level 18 in Shields
 25831 | D:14     | Found a runed translucent door.
 25831 | D:14     | Noticed Nucishy's ghost (adept DrAE)
 25898 | D:14     | Killed Nucishy's ghost
 25999 | D:14     | Found a sparkling altar of Nemelex Xobeh.
 26542 | D:15     | Entered Level 15 of the Dungeon
 26835 | D:15     | Reached skill level 19 in Shields
 26933 | D:15     | Identified the +6 mace "Heumil" {freeze, rN+}
 27336 | D:15     | Found a staircase to the Depths.
 27549 | D:15     | Found a broken altar of Ashenzari.
 27700 | D:15     | Reached skill level 20 in Shields
 28323 | Orc:2    | Bought a potion of lignification for 36 gold pieces
 28323 | Orc:2    | Bought a potion of mutation for 96 gold pieces
 28323 | Orc:2    | Bought a potion of mutation for 96 gold pieces
 28499 | D:7      | Acquired 413 gold pieces
 28503 | D:7      | Bought steaming steam dragon scales for 1350 gold pieces
 28503 | D:7      | Identified the +1 steam dragon scales "Daan" {Harm rF+
                  | Dex+3} (You bought it in a shop on level 7 of the Dungeon)
 28674 | Shoals:1 | Entered Level 1 of the Shoals
 28915 | Shoals:1 | HP: 28/135 [drowned by a water nymph (13)]
 28916 | Shoals:1 | HP: 8/135 [drowned by a water nymph (10)]
 28939 | Shoals:1 | HP: 24/135 [snapping turtle (14)]
 28941 | Shoals:1 | HP: 11/135 [drowned by a water nymph (10)]
 28942 | Shoals:1 | Drowned by a water nymph

Vanquished Creatures
  Rupert (Lair:4)
  Kirke (D:13)
  Gastronok (Orc:1)
  The ghost of Nucishy the Cloud Mage, an adept DrAE of Hepliaklqana (D:14)
  A reaper (IceCv)
  The ghost of sirJeffrey23 the Basher, a journeyman FoFi of Okawaru (D:13)
  Snorg (D:11)
  An ice dragon (Lair:5)
  3 catoblepae
  A merfolk avatar (Shoals:1)
  Erolcha (D:11)
  4 hydras
  4 centaur warriors
  3 boulder beetles (D:11)
  A dancing weapon (Orc:2)
  A two-headed ogre (shapeshifter) (D:13)
  8 two-headed ogres
  6 death yaks (Lair:2)
  A tengu warrior (D:14)
  4 orc high priests (Orc:2)
  Nergalle (D:11)
  Amaemon (D:9)
  8 skeletal warriors
  A sea snake (Shoals:1)
  A goliath frog (Lair:5)
  A wizard (D:15)
  A lindwurm (D:13)
  A wolf spider zombie (D:15)
  2 deep elf zephyrmancers (Elf:1)
  3 orc knights (D:15)
  A necromancer (D:15)
  10 harpies (Shoals:1)
  4 deep elf pyromancers
  2 orc sorcerers
  A phantasmal warrior (D:13)
  7 cyclopes
  2 oklob plants
  15 elephants
  2 merfolk sirens
  35 ugly things
  3 black mambas
  2 manticores
  3 naga magi (D:15)
  2 ice statues (IceCv)
  Maurice (D:12)
  An orange demon (D:9)
  3 gargoyles
  A centaur skeleton (D:15)
  A kobold demonologist (D:10)
  23 cane toads
  5 rime drakes
  2 efreet
  3 komodo dragons
  A freezing wraith (IceCv)
  A tengu conjurer (D:14)
  An anaconda simulacrum (IceCv)
  A harpy zombie (D:15)
  11 ice devils
  7 trolls
  6 meliai
  4 polar bears
  3 tyrant leeches (Lair:5)
  6 merfolk
  A meliai zombie (D:15)
  3 snapping turtles (Shoals:1)
  A wind drake (D:15)
  Grinder (D:4)
  3 slime creatures (D:13)
  27 blink frogs
  2 water elementals
  2 shadows
  4 centaur simulacra (D:13)
  3 air elementals (Elf:1)
  A wraith (D:12)
  A dire elephant simulacrum (IceCv)
  2 wyverns
  3 humans (D:13)
  27 yaks
  7 basilisks
  A hog (D:13)
  Grum (D:8)
  11 vampire mosquitoes
  5 wargs
  Menkaure (D:5)
  16 water moccasins
  2 acid dragons (D:10)
  5 black bears
  29 orc warriors
  A meliai simulacrum (D:13)
  5 ice beasts
  5 sky beasts
  5 ogres
  16 wolves
  17 centaurs
  16 bullfrogs
  2 kobold brigands
  2 scorpions
  A gnoll sergeant (D:8)
  2 two-headed ogre simulacra (IceCv)
  3 wights (D:9)
  2 cane toad simulacra (IceCv)
  9 killer bees
  An elephant simulacrum (IceCv)
  7 electric eels
  3 howler monkeys (D:7)
  3 vampire bats (Lair:1)
  3 jellies
  2 gnoll boudas
  29 orc priests
  3 hounds
  Natasha (twice) (D:3)
  Terence (D:2)
  An iguana (D:5)
  29 orc wizards
  2 troll simulacra (IceCv)
  3 spriggan simulacra (IceCv)
  2 polar bear simulacra (IceCv)
  3 boggart simulacra
  15 gnolls
  4 naga simulacra (IceCv)
  6 adders
  2 white imps (IceCv)
  An ufetubus (IceCv)
  2 worms
  A dart slug (D:5)
  80 orcs
  18 endoplasms
  9 giant cockroaches
  7 goblins
  7 hobgoblins
  13 kobolds
  4 quokkas
  14 ball pythons
  16 bats
  13 frilled lizards
  7 rats
793 creatures vanquished.

Vanquished Creatures (others)
  A centaur simulacrum (D:14)
  An orc wizard (Orc:2)
  28 fungi
  130 plants
160 creatures vanquished.

Grand Total: 953 creatures vanquished

Table legend:
 A = Non-vault XP
 B = Vault XP
 C = Vault XP percentage of total XP
 D = Non-vault monster count
 E = Vault monster count
 F = Vault count percentage of total count
                 A         B        C        D         E       F
            +---------+---------+-------+---------+---------+-------
      Total |  113278 |   61747 |  35.3 |     518 |     272 |  34.4
            +---------+---------+-------+---------+---------+-------
        D:1 |      27 |       0 |   0.0 |      16 |       0 |   0.0
        D:2 |      77 |      52 |  40.3 |      23 |       4 |  14.8
        D:3 |      58 |     191 |  76.7 |      16 |       6 |  27.3
        D:4 |     134 |     263 |  66.2 |      15 |       2 |  11.8
        D:5 |     537 |     165 |  23.5 |      25 |       1 |   3.8
        D:6 |     910 |       0 |   0.0 |      22 |       0 |   0.0
        D:7 |    2798 |     235 |   7.7 |      28 |       2 |   6.7
        D:8 |     542 |     413 |  43.2 |      19 |       3 |  13.6
        D:9 |     840 |    1544 |  64.8 |      15 |       5 |  25.0
       D:10 |    4307 |    1136 |  20.9 |      14 |       7 |  33.3
       D:11 |    8955 |    2613 |  22.6 |      21 |       3 |  12.5
       D:12 |    3484 |     807 |  18.8 |      10 |      12 |  54.5
       D:13 |    7192 |    8219 |  53.3 |      27 |      19 |  41.3
       D:14 |   18748 |    5012 |  21.1 |      40 |       7 |  14.9
       D:15 |   12378 |    5027 |  28.9 |      38 |      14 |  26.9
     Lair:1 |    7184 |     722 |   9.1 |      23 |       9 |  28.1
     Lair:2 |    6893 |       0 |   0.0 |      15 |       0 |   0.0
     Lair:3 |    1402 |    1724 |  55.2 |       9 |       5 |  35.7
     Lair:4 |    4222 |    4593 |  52.1 |      16 |       6 |  27.3
     Lair:5 |   15087 |   13665 |  47.5 |      47 |      46 |  49.5
   Shoals:1 |   10474 |       0 |   0.0 |      20 |       0 |   0.0
      Orc:1 |    2842 |    1445 |  33.7 |      29 |       1 |   3.3
      Orc:2 |    3340 |    5623 |  62.7 |      28 |      45 |  61.6
      Elf:1 |     847 |    1949 |  69.7 |       2 |       5 |  71.4
      Sewer |       0 |     263 | 100.0 |       0 |      38 | 100.0
      IceCv |       0 |    6086 | 100.0 |       0 |      32 | 100.0
            +---------+---------+-------+---------+---------+-------

Illustrated notes

Table legend:
 A = Kills in this place as a percentage of kills in entire the game.
 B = Kills by you in this place as a percentage of kills by you in the entire game.
 C = Kills by friends in this place as a percentage of kills by friends in the entire game.
 D = Other kills in this place as a percentage of other kills in the entire game.
 E = Experience gained in this place as a percentage of experience gained in the entire game.
 F = Experience gained in this place divided by the number of levels of this place that you have seen.
                   A       B       C       D       E      F
               +-------+-------+-------+-------+-------+----------------------
         Total | 100.0 | 100.0 |   N/A |   N/A | 100.0 | 6482.4
       Dungeon |  52.4 |  52.4 |   N/A |   N/A |  49.5 | 5777.6
          Lair |  22.3 |  22.3 |   N/A |   N/A |  31.7 | 11098.4
        Shoals |   2.5 |   2.5 |   N/A |   N/A |   6.0 | 10474.0
  Orcish Mines |  13.0 |  13.0 |   N/A |   N/A |   7.6 | 6625.0
   Elven Halls |   0.9 |   0.9 |   N/A |   N/A |   1.6 | 2796.0
         Sewer |   4.8 |   4.8 |   N/A |   N/A |   0.2 | 263.0
      Ice Cave |   4.1 |   4.1 |   N/A |   N/A |   3.5 | 6086.0
               +-------+-------+-------+-------+-------+----------------------

Table legend: (Time is in decaauts)
 A = Elapsed time spent in this place.
 B = Non-inter-level travel time spent in this place.
 C = Inter-level travel time spent in this place.
 D = Time resting spent in this place.
 E = Time spent auto-exploring this place.
 F = Levels seen in this place.
 G = Mean time per level.
                   A        B        C        D        E       F      G
               +--------+--------+--------+--------+--------+-----+--------+
         Total |  28183 |  26548 |   1635 |   1724 |  19725 |  27 | 1043.8 |
       Dungeon |  17321 |  16075 |   1246 |    878 |  12276 |  15 | 1154.7 |
        Temple |    132 |    107 |     25 |      0 |     97 |   1 |  132.0 |
          Lair |   6807 |   6536 |    271 |    325 |   5138 |   5 | 1361.4 |
        Shoals |    236 |    236 |      0 |     13 |    118 |   1 |  236.0 |
  Orcish Mines |   1761 |   1670 |     91 |      0 |   1289 |   2 |  880.5 |
   Elven Halls |     34 |     34 |      0 |      0 |      0 |   1 |   34.0 |
         Sewer |    643 |    643 |      0 |    200 |    204 |   1 |  643.0 |
      Ice Cave |   1247 |   1247 |      0 |    308 |    601 |   1 | 1247.0 |
               +--------+--------+--------+--------+--------+-----+--------+

Top non-repeatable levels by time:
  Lair:5: 2048 daAuts
    D:13: 1863 daAuts
    D:14: 1725 daAuts
    D:11: 1681 daAuts
  Lair:1: 1543 daAuts
     D:7: 1532 daAuts
    D:12: 1469 daAuts
    D:15: 1404 daAuts
   IceCv: 1247 daAuts
  Lair:2: 1217 daAuts
   Orc:2: 1193 daAuts
     D:9: 1121 daAuts
  Lair:3: 1021 daAuts
    D:10: 1002 daAuts
  Lair:4: 976 daAuts
